Map: Sito di ricerca JD-2

Players

Jhyrachy

  • Race: Zerg Zerg
  • League: Gold
  • Spawn Location: 7:00

Jarnix

  • Race: Zerg Zerg
  • Spawn Location: 7:00

EEE

  • Race: Terran Terran
  • League: Gold
  • Spawn Location: 6:00

alexy

  • Race: Zerg Zerg
  • Spawn Location: 6:00

Bumsebiene

  • Race: Protoss Protoss
  • Spawn Location: 3:00

Superman

  • Race: Terran Terran
  • Spawn Location: 12:00

HANKOU

  • Race: Protoss Protoss
  • Spawn Location: 1:00

SaliXendan

  • Race: Terran Terran
  • Spawn Location: 12:00

VOD

Have the link to the VOD?

Description

Time

  • Played on: May 12, 2016, 4:49 p.m.
  • Length: 22:54
Show
View Real Time Build Order
Export as new Build Order

Jhyrachy Zerg 

Build Orders: Pool First, Zergling Baneling 

Get SALT Encoding   

  12  0:02  Drone  
  13  0:12  Drone  
  14  0:28  Spawning Pool  
  14  0:31  Drone  
  14  0:36  Extractor  
  13  0:43  Overlord  
  13  0:53  Drone  
  14  1:02  Drone  
  15  1:04  Drone  
  15  1:08  Drone  
  17  1:17  Drone, Queen  
  20  1:28  Overlord  
  20  1:37  Baneling Nest  
  20  1:39  Drone  
  20  1:53  Zergling x2  
  21  1:59  Zergling x2  
  22  2:17  Zergling x2  
  23  2:31  Zergling x8  
  27  2:43  Hatchery  
  25  3:09  Metabolic Boost  
  25  3:11  Drone  
  26  3:13  Zergling x8  
  30  3:45  Baneling x2  
  30  3:46  Baneling x4  
  30  3:59  Queen  
  30  4:01  Drone  
  30  4:02  Drone x3  
  33  4:19  Baneling x4  
  31  4:51  Overlord x2  
  31  5:01  Extractor  
  31  5:03  Drone x4  
  31  5:04  Drone x2  
  36  5:18  Drone x2  
  36  5:19  Drone  
  39  5:22  Lair  
  39  5:23  Extractor x2  
  37  5:59  Drone x3  
  37  6:00  Drone  
  37  6:01  Drone x3  
  37  6:02  Drone  
  45  6:29  Spire  
  45  6:30  Drone x3  
  45  6:31  Drone x2  
  45  6:32  Drone  
  50  6:33  Drone  
  51  6:55  Evolution Chamber  
  51  6:58  Evolution Chamber  
  49  7:04  Drone x2  
  50  7:24  Zerg Ground Armor Level 1, Zerg Melee Weapons Level 1  
  50  7:35  Infestation Pit  
  49  8:01  Hatchery  
  48  8:09  Corruptor  
  48  8:11  Overlord x3  
  48  8:12  Overlord x3  
  50  8:14  Hive  
  50  8:16  Drone  
  51  8:33  Spore Crawler  
  50  8:36  Spore Crawler  
  49  8:41  Spore Crawler  
  49  8:46  Spore Crawler x2  
  42  9:11  Overlord x4  
  42  9:12  Overlord x3  
  42  9:20  Overlord  
  42  9:22  Zerg Melee Weapons Level 2  
  42  9:23  Zerg Ground Armor Level 2  
  42  9:28  Queen  
  44  9:32  Queen  
  46  9:57  Ultralisk Cavern  
  45  10:01  Viper  
  48  10:08  Spore Crawler  
  47  10:18  Drone x11  
  47  10:19  Drone x5  
  47  10:20  Drone  
  64  10:40  Extractor  
  60  10:47  Extractor  
  60  10:49  Spore Crawler  
  58  10:52  Spore Crawler  
  58  10:55  Spore Crawler  
  56  11:06  Chitinous Plating  
  56  11:33  Ultralisk x7  
  56  11:34  Ultralisk  
  56  11:36  Overlord x4  
  104  11:42  Zerg Ground Armor Level 3, Zerg Melee Weapons Level 3  
  104  11:49  Queen  
  104  11:53  Overlord, Queen  
  108  13:05  Pneumatized Carapace  
  107  13:21  Ultralisk  
  107  13:22  Ultralisk x4  
  135  13:40  Overlord x3  
  107  14:22  Ultralisk x5  
  107  14:23  Ultralisk  
  119  15:20  Hatchery  
  52  16:23  Ultralisk  
  52  16:24  Ultralisk x4  
  82  16:33  Extractor  
  81  17:06  Hatchery  
  56  18:12  Adrenal Glands  
  50  18:21  Zergling x2  
  50  18:22  Zergling x40  
  50  18:23  Zergling x6  
  74  18:33  Queen  
  76  19:03  Zergling x26  
  76  19:04  Zergling x10  
  94  19:38  Zergling x16  
  95  19:39  Zergling x12  
  108  19:49  Extractor  
  108  19:51  Extractor  
  106  19:56  Zergling x2  
  106  19:57  Zergling x16  
  83  20:30  Zergling x2  
  83  20:31  Zergling x30  
  46  21:21  Hatchery  
  24  22:39  Extractor  
  24  22:42  Extractor  
Show
View Real Time Build Order
Export as new Build Order

Jarnix Zerg 

Build Orders: Pool First 

Get SALT Encoding   

  12  0:04  Drone  
  13  0:14  Overlord  
  13  0:17  Drone  
  14  0:30  Overlord  
  14  0:40  Drone x2  
  16  0:50  Spawning Pool  
  16  0:57  Drone  
  16  1:00  Drone  
  17  1:13  Drone  
  18  1:19  Extractor  
  17  1:37  Zergling x4, Queen  
  21  1:42  Drone  
  22  1:52  Zergling x2  
  23  2:03  Drone  
  23  2:06  Hatchery  
  23  2:13  Spine Crawler  
  22  2:22  Zergling x2  
  23  2:26  Metabolic Boost  
  23  2:28  Zergling x2  
  24  2:36  Zergling x2  
  25  2:37  Extractor  
  24  2:53  Drone x4  
  28  3:03  Lair  
  28  3:05  Drone  
  29  3:17  Drone  
  30  3:26  Drone  
  31  3:39  Queen  
  31  3:40  Spine Crawler  
  32  3:50  Overlord x2  
  32  3:53  Zergling x4, Evolution Chamber  
  33  3:59  Drone x2  
  35  4:03  Overlord  
  35  4:08  Zergling x2  
  36  4:21  Overlord  
  36  4:26  Drone x2  
  36  4:27  Drone x2  
  40  4:39  Drone x3  
  43  4:55  Zerg Melee Weapons Level 1  
  43  4:56  Drone x3  
  43  4:57  Roach Warren  
  45  5:01  Drone  
  46  5:10  Drone  
  46  5:13  Drone  
  46  5:14  Drone x3  
  51  5:16  Drone  
  52  5:25  Spore Crawler  
  51  5:31  Spine Crawler  
  50  5:52  Hatchery  
  50  5:57  Roach x8  
  50  6:01  Overlord  
  50  6:03  Overseer  
  64  6:05  Pneumatized Carapace  
  64  6:10  Roach  
  66  6:17  Overlord  
  66  6:20  Roach  
  66  6:21  Roach  
  70  6:28  Spore Crawler  
  70  6:32  Spore Crawler, Drone  
  69  6:35  Spine Crawler  
  69  6:38  Roach x2  
  72  6:41  Glial Reconstitution  
  72  6:46  Overlord  
  72  6:49  Zerg Missile Weapons Level 1  
  72  6:51  Roach x2  
  76  6:56  Overlord  
  76  6:58  Overlord  
  76  7:01  Overseer  
  76  7:07  Queen  
  78  7:21  Roach x2  
  78  7:22  Roach x2  
  86  7:24  Evolution Chamber  
  85  7:35  Spore Crawler  
  84  7:38  Spore Crawler  
  84  7:39  Spore Crawler  
  84  7:41  Spore Crawler  
  81  7:45  Spore Crawler  
  81  7:49  Hydralisk Den  
  79  8:11  Overlord x3  
  79  8:14  Spore Crawler  
  79  8:19  Hydralisk x2, Muscular Augments  
  78  8:20  Hydralisk  
  78  8:25  Drone x2  
  86  8:35  Overlord  
  86  8:37  Spore Crawler  
  86  8:41  Spore Crawler  
  84  8:50  Overlord x2  
  84  8:55  Spore Crawler  
  83  9:00  Extractor, Overlord  
  82  9:12  Hydralisk  
  82  9:13  Hydralisk  
  82  9:16  Overlord  
  86  9:18  Ravager x2  
  86  9:19  Ravager  
  89  9:28  Drone x3  
  92  9:34  Hydralisk  
  94  9:39  Ravager x3  
  97  9:50  Hydralisk x2  
  101  9:57  Drone  
  101  9:59  Spore Crawler  
  101  10:11  Hydralisk  
  101  10:12  Hydralisk  
  101  10:13  Overlord  
  105  10:23  Zerg Ground Armor Level 1  
  105  10:45  Hydralisk  
  105  10:46  Hydralisk x3  
  113  10:51  Drone  
  113  10:52  Drone  
  115  10:59  Overlord  
  115  11:05  Zerg Melee Weapons Level 2  
  115  11:14  Spore Crawler  
  115  11:16  Hydralisk  
  116  11:23  Drone x3  
  119  11:26  Drone  
  119  11:31  Overlord  
  120  11:37  Overlord  
  120  11:50  Hydralisk  
  122  11:56  Ravager x3  
  125  12:02  Drone x3  
  125  12:04  Extractor  
  125  12:16  Zerg Missile Weapons Level 2  
  117  12:28  Hydralisk  
  117  12:29  Hydralisk x4  
  91  13:02  Roach x5  
  91  13:03  Roach x7  
  106  13:11  Drone x4  
  106  13:12  Drone  
  111  13:16  Extractor  
  110  13:22  Hydralisk x2  
  110  14:02  Hydralisk x7  
  58  14:24  Extractor  
  57  14:29  Spore Crawler, Drone x4  
  57  14:31  Spore Crawler, Hydralisk x5  
  69  14:50  Roach  
  69  14:51  Roach x7  
  85  15:00  Zergling x10  
  85  15:01  Zergling x2  
  89  15:28  Hydralisk  
  89  15:29  Hydralisk x5  
  89  15:34  Zergling x4  
  103  15:46  Spore Crawler  
  101  15:50  Ravager x4  
  101  15:51  Ravager  
  101  15:54  Hydralisk  
  101  15:56  Zergling x4  
  101  15:57  Zergling x2  
  102  16:21  Hydralisk x4  
  110  16:43  Hatchery  
  109  16:47  Hydralisk x2  
  113  17:07  Hydralisk x2  
  113  17:08  Hydralisk  
  119  17:32  Hydralisk x3  
  119  17:33  Hydralisk  
  119  17:35  Extractor  
  125  17:39  Extractor  
  59  18:23  Queen  
  59  18:25  Overlord x3  
  61  18:37  Hydralisk  
  61  18:38  Hydralisk x14  
  91  18:46  Drone x3  
  94  18:57  Zerg Ground Armor Level 2  
  94  19:10  Hydralisk x2  
  94  19:15  Drone x2  
  100  19:31  Infestation Pit  
  99  19:32  Hydralisk x3  
  105  19:42  Drone x4  
  109  19:53  Lurker Den  
  109  19:59  Hydralisk  
  109  20:00  Hydralisk  
  113  20:07  Spore Crawler  
  112  20:48  Hydralisk  
  112  20:49  Hydralisk x9  
  118  21:35  Lurker  
  118  21:36  Lurker x4  
  118  21:37  Lurker x6  
  118  21:38  Lurker x2  
  131  21:41  Hydralisk x4  
  131  21:42  Hydralisk  
  75  22:05  Zergling x10  
  75  22:06  Zergling x12  
  61  22:30  Hydralisk x2  
Show
View Real Time Build Order
Export as new Build Order

EEE Terran 

Build Orders: MMM Bio 

Get SALT Encoding   

  12  0:01  SCV  
  13  0:13  SCV  
  14  0:29  SCV, Supply Depot  
  14  0:32  Refinery  
  15  0:51  SCV  
  15  0:55  Barracks  
  16  1:03  SCV  
  17  1:05  Barracks  
  17  1:15  SCV  
  18  1:26  Barracks  
  18  1:27  SCV  
  19  1:39  SCV  
  20  1:49  Barracks  
  20  1:51  SCV  
  21  1:54  Barracks Reactor  
  21  2:01  Barracks Reactor  
  21  2:09  Supply Depot  
  21  2:15  Barracks Tech Lab  
  21  2:19  Orbital Command  
  21  2:36  Barracks Reactor  
  21  2:40  Marine x3  
  24  2:54  Stimpack  
  24  2:56  SCV  
  25  2:59  Refinery  
  25  3:04  Supply Depot  
  27  3:05  Marauder  
  27  3:07  Marine  
  27  3:08  SCV  
  29  3:19  Marine x2  
  30  3:25  Marine x3, SCV  
  35  3:33  Supply Depot  
  35  3:35  Marauder  
  35  3:36  Marine  
  35  3:37  SCV  
  39  3:51  Marine x2  
  39  3:55  SCV  
  42  3:57  Marine  
  42  3:59  Factory  
  43  4:12  SCV  
  44  4:18  Marine x3  
  44  4:19  Marine  
  44  4:21  Engineering Bay  
  48  4:32  SCV  
  48  4:34  Marine  
  50  4:55  Combat Shields  
  50  4:58  Terran Infantry Armor Level 1  
  50  5:00  Starport  
  50  5:04  Marine x2  
  50  5:05  Marine x2  
  54  5:10  Factory Tech Lab  
  54  5:13  Marauder  
  56  5:42  Starport Reactor  
  56  5:43  Supply Depot  
  56  5:46  SCV  
  57  5:54  Command Center  
  57  5:58  SCV  
  58  6:04  Marine x2  
  58  6:06  Armory  
  60  6:14  Concussive Shells  
  60  6:22  Medivac x2  
  60  6:24  Supply Depot  
  64  6:40  Marine x3  
  64  6:42  SCV  
  64  6:46  Supply Depot  
  68  6:51  Medivac  
  68  6:52  Terran Infantry Weapons Level 1  
  70  6:54  SCV  
  70  6:56  Engineering Bay  
  70  6:57  Terran Vehicle And Ship Armor Level 1  
  71  7:04  Medivac  
  71  7:07  Supply Depot  
  73  7:11  Marauder  
  75  7:47  Marauder, Marine x4  
  75  7:48  Marine  
  82  7:51  Planetary Fortress  
  82  8:09  Marauder  
  82  8:12  Marine  
  85  8:22  Missile Turret  
  85  8:28  Missile Turret  
  85  8:30  Marauder  
  85  8:31  Missile Turret  
  87  8:37  Terran Infantry Armor Level 2  
  87  8:45  Missile Turret  
  87  8:51  Missile Turret  
  87  9:06  Missile Turret  
  57  9:24  Marauder, Marine x4  
  57  9:25  Marine  
  57  9:30  SCV  
  65  9:46  Marauder  
  65  9:49  Liberator  
  70  10:07  Marauder  
  70  10:17  SCV  
  70  10:18  Marine  
  72  10:21  Refinery  
  72  10:22  Refinery  
  72  10:40  Terran Infantry Weapons Level 2  
  72  10:43  Terran Vehicle Weapons Level 1  
  72  10:45  Marine x2  
  72  10:46  Marine x2  
  76  11:15  Terran Infantry Armor Level 3  
  76  11:18  Marine  
  77  11:27  Marauder, Marine  
  77  11:28  Marine  
  81  11:32  Command Center  
  81  11:39  Widow Mine  
  83  11:45  SCV x2  
  85  12:08  Widow Mine  
  62  12:24  Liberator x2  
  52  12:36  Widow Mine, Terran Vehicle And Ship Armor Level 2  
  49  12:43  Marine x4  
  49  12:44  Marine x3  
  58  12:54  Orbital Command  
  58  13:01  Marine x2  
  58  13:05  Siege Tank  
  63  13:07  Liberator x2  
  57  13:37  Siege Tank  
  62  13:41  Marauder, Marine x2  
  62  13:42  Marine x4  
  68  13:50  Liberator x2  
  68  14:02  Marine x6  
  76  14:03  Marauder  
  82  14:19  Marine x2  
  82  14:20  Marine x2  
  82  14:22  Refinery  
  81  14:24  Marauder  
  66  14:33  Marine x2  
  66  14:37  Marine x4  
  72  14:45  Marine  
  73  14:48  Command Center  
  70  15:00  Medivac  
  66  15:10  Medivac  
  67  15:30  Marine x7  
  74  15:47  Marine  
  75  15:51  Medivac  
  75  15:53  Marine  
  78  16:42  Command Center  
  78  17:02  Marine x5  
  53  17:30  Marine x4  
  57  17:37  Widow Mine  
  59  17:53  Medivac  
  61  18:16  Orbital Command  
  61  18:28  Marine x3  
  61  18:29  Marine x4  
  68  18:41  SCV x2  
  70  18:45  Refinery x2  
  70  18:46  Marine x4  
  70  18:47  Marine x3  
  77  18:49  Medivac  
  77  18:53  SCV  
  77  18:54  Widow Mine  
  82  19:04  Marine x6  
  82  19:05  Marine  
  89  19:22  Marine x7  
  89  19:23  Widow Mine  
  98  19:39  Marine  
  98  19:40  Marine x6  
  105  19:51  Widow Mine  
  107  19:57  Marine x2  
  107  19:58  Marine x5  
  114  20:15  Marine x4  
  114  20:16  Marine x3  
  114  20:20  Widow Mine  
  123  20:33  Marine x3  
  125  20:37  Marine  
  125  20:38  Marine x3  
  88  20:48  Widow Mine  
  68  20:51  Marine x3  
  68  20:55  Marine x2  
  68  20:56  Marine x2  
  66  21:04  Medivac  
  66  21:09  Marine x3  
  71  21:13  Marine x3  
  71  21:14  Marine  
  71  21:17  Widow Mine  
  77  21:26  Marine, Medivac  
  77  21:27  Marine x2  
  77  21:31  Marine x3  
  77  21:32  Marine  
  86  21:44  Marine x3  
  86  21:45  Widow Mine  
  88  21:49  Marine x3  
  88  21:50  Marine  
  92  22:02  Marine x3  
  92  22:06  Marine  
  92  22:07  Marine x3  
  59  22:20  Marine x3  
  50  22:24  Marine x2  
  50  22:25  Marine x2  
Show
View Real Time Build Order
Export as new Build Order

alexy Zerg 

Build Orders: Hatch First 

Get SALT Encoding   

  12  0:32  Drone  
  13  0:42  Hatchery  
  12  0:47  Drone x2  
  14  0:53  Extractor  
  13  1:06  Spawning Pool  
  12  1:13  Drone x2  
  14  1:27  Extractor  
  13  1:34  Drone  
  14  1:56  Drone x2  
  14  1:57  Drone  
  14  2:01  Drone  
  18  2:03  Lair  
  18  2:07  Drone  
  19  2:13  Drone  
  20  2:36  Overlord x2  
  20  2:56  Drone x2  
  22  3:00  Drone x3  
  25  3:06  Drone  
  26  3:22  Spire  
  26  3:26  Drone  
  26  3:33  Drone x3  
  29  3:42  Queen  
  31  3:50  Drone  
  31  3:55  Extractor  
  31  4:00  Extractor  
  31  4:02  Drone  
  31  4:10  Drone  
  31  4:15  Drone x3  
  35  4:34  Drone  
  35  4:35  Overlord  
  36  4:51  Overlord x3  
  36  4:59  Queen  
  38  5:12  Mutalisk  
  40  5:16  Mutalisk x4  
  40  5:17  Mutalisk  
  50  5:22  Mutalisk  
  52  5:36  Mutalisk x2  
  56  5:45  Mutalisk x4  
  64  5:51  Mutalisk  
  66  5:58  Overlord  
  66  6:05  Overlord x2  
  66  6:06  Overlord x2  
  66  6:14  Mutalisk  
  66  6:16  Overlord x3  
  68  6:26  Mutalisk x2  
  68  6:30  Mutalisk  
  74  6:48  Mutalisk x2  
  74  6:53  Mutalisk  
  80  6:56  Mutalisk  
  82  7:06  Zerg Flyer Weapons Level 1  
  82  7:20  Mutalisk  
  76  8:41  Spore Crawler  
  76  8:45  Spore Crawler  
  76  8:48  Spore Crawler  
  73  8:52  Spore Crawler  
  72  9:07  Mutalisk x5  
  72  9:08  Mutalisk  
  84  9:24  Queen  
  86  9:37  Mutalisk x2  
  90  9:42  Zerg Flyer Armor Level 1  
  90  9:50  Spore Crawler  
  89  9:52  Spore Crawler  
  89  9:57  Spore Crawler  
  87  10:01  Spore Crawler  
  87  10:04  Spore Crawler  
  85  10:15  Mutalisk x2  
  85  10:16  Mutalisk x4  
  97  11:35  Zerg Flyer Weapons Level 2  
  97  11:47  Mutalisk x5  
  101  13:15  Mutalisk  
  101  13:16  Mutalisk x2  
  107  13:21  Mutalisk x3  
  113  13:43  Mutalisk x2  
  113  13:47  Mutalisk x2  
  121  13:50  Overlord  
  121  13:51  Overlord x2  
  121  14:30  Zerg Flyer Armor Level 2  
  121  14:31  Mutalisk  
  121  14:32  Mutalisk x2  
  121  14:36  Mutalisk x2  
  131  15:04  Mutalisk x3  
  137  15:49  Mutalisk x3  
  143  15:54  Mutalisk  
  143  15:55  Mutalisk  
  147  15:57  Overlord  
  147  16:31  Mutalisk x2  
  147  16:32  Mutalisk  
  153  16:36  Mutalisk  
  29  18:58  Metabolic Boost  
  29  19:03  Zergling x6  
  29  19:04  Zergling x2  
  33  19:13  Zergling x4  
  33  19:14  Zergling x6  
  38  19:34  Zergling x6  
  41  19:38  Zergling x2  
  41  19:39  Zergling x4  
  41  19:43  Zergling x6  
  47  20:10  Zergling x2  
  47  20:11  Zergling x4  
  50  20:18  Zergling x2  
  50  20:19  Zergling x4  
  53  21:01  Zergling x6  
  53  21:02  Zergling x2  
  57  21:06  Zergling x10  
  57  21:07  Zergling x2  
Show
View Real Time Build Order
Export as new Build Order

Bumsebiene Protoss 

Build Orders: Cannon Rush 

Get SALT Encoding   

  12  0:03  Probe (Chrono Boost)  
  13  0:14  Pylon  
  13  0:34  Forge  
  13  0:43  Pylon  
  13  0:54  Probe (Chrono Boost)  
  14  1:25  Photon Cannon  
  14  1:39  Photon Cannon  
  14  1:44  Photon Cannon  
  14  1:52  Pylon  
  15  1:54  Probe (Chrono Boost)  
  15  1:59  Assimilator  
  15  2:04  Assimilator, Probe (Chrono Boost)  
  16  2:15  Probe (Chrono Boost)  
  17  2:17  Photon Cannon  
  17  2:24  Photon Cannon  
  17  2:37  Gateway  
  17  2:49  Pylon  
  17  2:55  Probe (Chrono Boost), Pylon  
  18  3:06  Probe (Chrono Boost)  
  19  3:16  Probe (Chrono Boost)  
  20  3:21  Photon Cannon  
  20  3:23  Photon Cannon  
  20  3:27  Probe (Chrono Boost)  
  21  3:35  Cybernetics Core  
  21  3:38  Probe (Chrono Boost)  
  22  3:51  Photon Cannon  
  22  4:10  Pylon  
  22  4:32  Stargate  
  22  4:37  Photon Cannon  
  22  4:43  Photon Cannon  
  22  4:55  Stargate  
  22  4:58  Pylon  
  22  5:04  Pylon  
  22  5:06  Stargate  
  22  5:26  Protoss Shields Level 1 (Chrono Boost)  
  22  5:27  Protoss Air Weapons Level 1  
  22  5:55  Void Ray  
  26  6:05  Void Ray  
  30  6:33  Nexus  
  30  6:40  Pylon  
  30  6:59  Photon Cannon  
  30  7:03  Photon Cannon  
  30  7:09  Assimilator  
  30  7:14  Assimilator  
  30  7:22  Pylon  
  30  7:26  Pylon  
  30  7:49  Void Ray  
  34  8:02  Void Ray  
  38  8:14  Photon Cannon  
  38  8:17  Photon Cannon  
  38  8:41  Photon Cannon  
  38  8:46  Photon Cannon  
  38  9:10  Nexus  
  38  9:31  Pylon  
  38  9:51  Photon Cannon  
  38  9:54  Photon Cannon  
  38  10:00  Pylon  
  38  10:15  Void Ray x2  
  46  10:31  Photon Cannon  
  46  10:36  Photon Cannon  
  46  10:47  Probe  
  47  11:15  Probe  
  48  11:26  Probe  
  49  11:34  Protoss Air Armor Level 1  
  49  11:36  Probe  
  50  11:47  Probe  
  51  11:57  Probe, Twilight Council  
  52  12:06  Fleet Beacon  
  51  12:35  Void Ray x2  
  35  15:00  Nexus  
  18  16:47  Void Ray x2  
  26  17:24  Probe  
  27  17:34  Probe  
  28  17:39  Void Ray  
  32  17:45  Probe  
  33  17:56  Probe  
  34  18:06  Probe  
  34  18:09  Void Ray  
  36  19:14  Void Ray x2  
  36  19:16  Void Ray  
  48  19:21  Probe  
  49  19:31  Probe  
  50  19:42  Probe  
  51  19:52  Pylon  
  51  19:57  Void Ray  
  19  21:02  Pylon  
  19  21:05  Pylon  
  19  21:18  Void Ray x2  
  19  21:19  Void Ray  
  31  21:45  Forge  
  31  21:52  Probe  
  32  22:02  Probe  
  29  22:13  Probe  
  20  22:23  Probe  
  21  22:34  Pylon  
  21  22:45  Photon Cannon  
  21  22:47  Photon Cannon  
  21  22:48  Photon Cannon  
  21  22:51  Photon Cannon  
Show
View Real Time Build Order
Export as new Build Order

Superman Terran 

Build Orders: MMM Bio 

Get SALT Encoding   

  12  0:01  SCV  
  13  0:13  SCV  
  14  0:25  SCV  
  15  0:33  Supply Depot  
  15  0:38  Refinery  
  15  0:55  SCV  
  16  0:58  Supply Depot  
  16  1:04  Barracks  
  16  1:07  SCV  
  17  1:45  SCV  
  17  1:46  Refinery  
  18  1:51  Barracks  
  18  1:52  Barracks  
  18  1:53  Barracks  
  18  1:57  SCV  
  19  2:03  Engineering Bay  
  19  2:09  SCV  
  20  2:21  SCV  
  21  2:33  SCV  
  21  2:35  Supply Depot  
  22  2:40  Missile Turret  
  22  2:45  SCV  
  22  2:48  Barracks Tech Lab  
  23  2:52  Barracks Tech Lab  
  23  2:54  Barracks Reactor  
  23  3:01  Missile Turret  
  23  3:05  Missile Turret  
  23  3:14  Missile Turret  
  23  3:15  Marine x2  
  25  3:21  Stimpack  
  25  3:28  Terran Infantry Weapons Level 1  
  25  3:35  Marine x2  
  25  3:41  Marine  
  28  3:42  Marine  
  29  3:55  Combat Shields  
  29  4:09  Factory  
  30  4:12  Orbital Command  
  29  4:20  Marauder  
  29  4:21  Marine  
  29  4:22  Marine  
  33  4:28  Marine  
  34  4:39  Marine  
  35  5:01  Marauder x2  
  39  5:14  Concussive Shells, Supply Depot  
  39  5:23  Command Center  
  39  5:26  Terran Infantry Armor Level 1  
  39  5:35  Marine x2  
  41  5:47  SCV  
  41  5:49  Starport  
  42  5:56  Marauder x2, Supply Depot  
  46  5:59  Marine  
  47  6:17  Marine x4  
  51  6:31  Starport Reactor  
  51  7:36  Marine x4  
  55  7:39  Medivac x2  
  59  7:47  Armory  
  59  7:48  SCV  
  60  7:57  SCV  
  61  8:00  SCV  
  61  8:04  Refinery  
  62  8:09  SCV, Medivac x2  
  62  8:12  SCV  
  68  8:14  Marine x2  
  70  8:31  Orbital Command  
  70  8:37  Missile Turret  
  70  8:38  Missile Turret x2  
  70  8:40  Missile Turret x2  
  70  8:42  Supply Depot  
  70  8:46  Supply Depot  
  70  9:00  Terran Infantry Weapons Level 2  
  70  9:01  Supply Depot  
  70  9:03  Marine x3  
  70  9:04  SCV, Medivac x2  
  70  9:07  Marine  
  79  9:16  SCV  
  67  9:21  Marine x2  
  67  9:25  Marine  
  67  9:28  SCV  
  69  9:31  SCV  
  70  9:40  Refinery, SCV  
  70  9:43  SCV  
  72  9:48  Marauder x2, Marine x2  
  72  9:52  SCV, Medivac x2  
  83  9:56  SCV  
  84  10:06  Marine x2, Terran Vehicle And Ship Armor Level 1  
  86  10:08  SCV  
  86  10:09  Marauder, Marine  
  86  10:11  Missile Turret  
  90  10:15  Missile Turret  
  90  10:16  Missile Turret  
  90  10:19  Missile Turret  
  91  10:22  Missile Turret  
  91  10:23  Missile Turret  
  90  10:31  Marine x2  
  90  10:32  Marine x2  
  94  10:56  Marine x3  
  97  11:06  Supply Depot x2  
  97  11:08  Supply Depot  
  97  11:09  Command Center  
  97  11:13  Marauder  
  97  11:14  Marauder  
  97  11:15  Marine  
  102  11:28  Marine  
  103  11:35  Terran Infantry Armor Level 2, Marauder  
  103  11:36  Marauder  
  107  11:56  Marauder  
  107  11:57  Marauder, Marine x2  
  113  12:15  Marine  
  114  12:16  Supply Depot  
  114  12:17  Marauder, Supply Depot  
  114  12:18  Marauder  
  114  12:20  Supply Depot  
  115  12:39  Marauder  
  68  14:40  Missile Turret  
  68  14:41  Missile Turret  
  68  14:49  Marauder x2  
  68  14:51  Marine x2  
  74  14:58  Medivac x2  
  78  15:01  Missile Turret x2  
  78  15:09  Marine x2  
  78  15:10  Marauder x2  
  83  15:27  Marine x2, Medivac  
  83  15:28  Medivac  
  80  15:32  Marauder x2  
  79  15:44  Marine x2  
  81  15:53  Marauder x2  
  64  15:57  Command Center, Medivac  
  64  15:58  Medivac  
  62  16:14  Marauder  
  62  16:15  Marauder  
  66  16:24  Marine  
  66  16:25  Marine  
  68  16:27  Viking  
  68  16:28  Viking  
  72  16:36  Marauder x2  
  76  16:42  Marine x2  
  78  16:57  Marauder x2, Medivac x2  
  78  17:00  Marine x2  
  88  17:18  Marauder, Marine x2  
  88  17:19  Marauder  
  94  17:27  Medivac x2  
  98  17:36  Marine x2  
  100  17:40  Marauder x2  
  79  18:01  Marauder, Marine  
  79  18:19  Marine  
  80  18:22  Marine  
  81  18:37  Marauder  
  81  18:40  Marauder  
  85  18:59  Marauder  
  85  19:02  Marauder  
  89  19:07  Orbital Command  
  89  19:20  Marauder  
  89  19:23  Marauder  
  93  19:30  Refinery  
  93  19:38  Refinery  
  93  19:44  Marauder  
  93  19:45  Marauder, Marine x2  
  99  20:03  Marine x2  
  99  20:05  Marauder  
  99  20:06  Marauder  
  105  20:20  Marine  
  105  20:21  Marine  
  107  20:27  Marauder x2  
  111  20:38  Marine x2  
  113  20:48  Marauder, Marine  
  116  20:56  Marine x2  
  117  21:06  Marine  
  117  21:09  Marine  
  117  21:14  Marine x2  
  119  21:24  Marine  
  120  21:27  Marine  
  120  21:32  Marine x2  
  120  21:42  Marine  
  120  21:45  Marauder  
  123  22:00  Marauder  
  125  22:07  Marauder  
  119  22:21  Marauder  
  121  22:28  Marauder  
  123  22:35  Marine x2  
Show
View Real Time Build Order
Export as new Build Order

HANKOU Protoss 

Build Orders:  

Get SALT Encoding   

  12  0:02  Probe (Chrono Boost)  
  13  0:15  Probe (Chrono Boost)  
  14  0:22  Pylon  
  14  0:33  Probe (Chrono Boost)  
  15  0:41  Gateway  
  15  0:59  Gateway  
  15  1:05  Probe (Chrono Boost), Pylon  
  16  1:16  Probe (Chrono Boost)  
  17  1:25  Forge  
  17  1:55  Nexus  
  17  2:02  Photon Cannon  
  17  2:06  Photon Cannon  
  17  2:13  Cybernetics Core  
  17  2:18  Assimilator  
  17  2:23  Assimilator  
  17  2:25  Probe (Chrono Boost)  
  18  2:35  Probe (Chrono Boost)  
  19  2:46  Probe (Chrono Boost)  
  20  2:52  Assimilator  
  20  2:56  Probe (Chrono Boost)  
  20  2:57  Assimilator  
  21  3:07  Probe (Chrono Boost)  
  21  3:09  Probe (Chrono Boost)  
  23  3:17  Probe (Chrono Boost)  
  23  3:19  Probe (Chrono Boost)  
  25  3:30  Probe x2 (Chrono Boost)  
  27  3:40  Probe (Chrono Boost)  
  28  3:43  Probe (Chrono Boost)  
  29  3:50  Stargate  
  29  3:51  Stargate, Probe (Chrono Boost)  
  29  3:55  Probe (Chrono Boost)  
  31  4:02  Probe (Chrono Boost)  
  32  4:05  Pylon  
  32  4:07  Pylon  
  32  4:12  Probe (Chrono Boost)  
  32  4:13  Probe (Chrono Boost)  
  34  4:23  Probe (Chrono Boost)  
  35  4:30  Probe (Chrono Boost)  
  36  4:33  Probe (Chrono Boost)  
  36  4:35  Phoenix x2  
  41  4:44  Probe (Chrono Boost)  
  42  4:46  Fleet Beacon  
  42  4:54  Probe x2 (Chrono Boost)  
  44  5:04  Probe (Chrono Boost)  
  44  5:05  Phoenix x2, Probe (Chrono Boost)  
  50  5:11  Pylon  
  50  5:20  Probe (Chrono Boost)  
  51  5:22  Anion Pulse-Crystals (Chrono Boost)  
  51  5:28  Protoss Air Weapons Level 1 (Chrono Boost)  
  51  5:30  Phoenix x2  
  55  5:45  Pylon  
  55  5:55  Phoenix x2  
  59  6:11  Pylon  
  59  6:20  Phoenix x2  
  63  6:36  Protoss Shields Level 1 (Chrono Boost)  
  63  6:47  Phoenix x2  
  67  7:05  Probe  
  68  7:21  Protoss Air Weapons Level 2  
  68  7:27  Nexus  
  68  7:29  Phoenix x2  
  72  7:30  Pylon  
  72  7:37  Pylon  
  72  7:54  Phoenix x2  
  73  9:18  Phoenix x2  
  73  9:22  Protoss Air Armor Level 1  
  77  9:43  Phoenix x2  
  81  9:49  Nexus  
  81  9:53  Photon Cannon  
  81  9:55  Photon Cannon  
  81  9:57  Stargate  
  81  9:59  Photon Cannon  
  81  10:00  Twilight Council  
  81  10:03  Photon Cannon  
  81  10:04  Photon Cannon  
  81  10:05  Pylon  
  81  10:06  Pylon  
  81  10:07  Pylon  
  81  10:09  Pylon  
  81  10:11  Pylon  
  81  10:13  Pylon  
  81  10:18  Photon Cannon  
  81  10:27  Phoenix x2  
  85  10:33  Photon Cannon  
  85  10:36  Photon Cannon  
  85  10:37  Photon Cannon  
  85  10:40  Assimilator  
  85  10:44  Assimilator  
  85  10:48  Protoss Shields Level 2 (Chrono Boost)  
  85  11:05  Probe  
  86  11:12  Phoenix x3  
  86  11:14  Protoss Air Armor Level 2  
  86  11:16  Probe  
  93  11:21  Pylon  
  93  11:22  Pylon  
  93  11:24  Pylon  
  93  11:27  Probe  
  93  11:29  Graviton Catapult  
  94  11:36  Cybernetics Core  
  94  11:37  Probe  
  95  11:48  Probe  
  96  11:56  Robotics Facility  
  96  12:09  Carrier x3  
  114  12:34  Protoss Air Weapons Level 3  
  112  13:09  Observer  
  113  13:30  Observer  
  114  13:35  Carrier x3  
  132  13:52  Observer  
  131  14:35  Protoss Shields Level 3 (Chrono Boost)  
  131  14:45  Pylon  
  131  14:46  Pylon  
  131  14:48  Pylon  
  131  14:54  Pylon  
  131  15:00  Carrier  
  131  15:01  Carrier x2  
  143  16:18  Protoss Air Armor Level 3  
  143  16:26  Tempest x2  
  143  16:27  Tempest  
  153  17:28  Tempest x3  
  161  18:16  Tempest x3  
  173  18:52  Observer  
  174  18:59  Phoenix x2  
  178  19:04  Phoenix  
  180  19:14  Observer  
  181  19:24  Phoenix  
  183  19:58  Tempest (Chrono Boost)  
  187  20:29  Tempest (Chrono Boost)  
  191  21:14  Tempest (Chrono Boost)  
Show
View Real Time Build Order
Export as new Build Order

SaliXendan Terran 

Build Orders: Mech 

Get SALT Encoding   

  12  0:01  SCV  
  13  0:20  Supply Depot  
  13  0:28  Supply Depot  
  13  0:38  SCV  
  14  0:43  Barracks  
  14  0:50  SCV  
  15  1:02  SCV  
  16  1:06  Barracks  
  16  1:14  SCV  
  17  1:24  Barracks  
  17  1:44  Refinery  
  17  1:48  SCV  
  17  1:51  Refinery  
  18  2:01  SCV  
  19  2:07  Marine x2  
  21  2:11  Marine  
  22  2:18  SCV  
  23  2:25  Marine x2  
  23  2:29  Marine  
  26  2:31  SCV  
  27  2:38  Supply Depot  
  27  2:43  Marine x2  
  29  2:47  Marine  
  30  3:02  Command Center  
  30  3:07  Marine  
  30  3:10  Marine  
  32  3:21  Orbital Command  
  32  3:39  Barracks Reactor  
  32  3:41  Barracks Tech Lab  
  32  3:48  Barracks Reactor  
  32  3:52  SCV  
  33  4:01  Factory  
  33  4:02  Stimpack  
  33  4:04  SCV  
  33  4:08  Marine  
  35  4:26  Marine  
  36  5:15  Factory Tech Lab  
  36  5:20  Factory  
  36  5:29  Engineering Bay  
  36  5:33  Orbital Command  
  36  5:36  SCV  
  36  5:41  Siege Tank  
  40  5:48  SCV  
  41  5:50  Supply Depot  
  41  6:00  SCV  
  41  6:04  Terran Infantry Weapons Level 1, Missile Turret  
  42  6:05  Factory Tech Lab  
  42  6:12  SCV  
  42  6:13  Siege Tank  
  42  6:14  SCV  
  47  6:24  SCV  
  48  6:26  SCV  
  48  6:32  Refinery  
  49  6:34  Refinery  
  49  6:36  SCV  
  49  6:38  SCV  
  51  6:40  Armory  
  51  6:42  Missile Turret  
  51  6:48  SCV  
  51  6:50  SCV  
  53  7:00  SCV  
  54  7:01  Missile Turret  
  54  7:04  Sensor Tower  
  54  7:19  Missile Turret  
  54  7:22  Missile Turret  
  54  7:26  Supply Depot  
  54  7:28  Supply Depot  
  54  7:44  Factory  
  54  7:47  SCV  
  54  7:48  Factory  
  55  7:52  Widow Mine x2  
  59  7:59  SCV  
  59  8:03  Terran Vehicle Weapons Level 1  
  60  8:12  SCV  
  61  8:21  Widow Mine x2, SCV  
  61  8:24  SCV  
  67  8:33  SCV  
  68  8:36  SCV  
  69  8:46  SCV  
  70  9:29  Supply Depot  
  70  9:31  Supply Depot  
  70  9:39  Factory Tech Lab  
  70  9:40  Factory Tech Lab  
  70  9:43  Armory  
  70  9:51  SCV x2  
  72  9:59  Supply Depot  
  72  10:01  Terran Vehicle Weapons Level 2, Supply Depot  
  72  10:03  SCV x2  
  74  10:14  Command Center  
  74  11:02  Supply Depot  
  74  11:05  Supply Depot  
  74  11:06  Supply Depot  
  74  11:07  Supply Depot  
  74  11:11  Command Center  
  74  11:24  Thor x3  
  74  11:25  Thor  
  98  11:54  Terran Vehicle And Ship Armor Level 1  
  98  13:03  Thor x4  
  122  13:21  Planetary Fortress  
  116  14:40  SCV x3  
  119  14:52  SCV x2  
  121  14:53  SCV  
  121  14:54  Thor x4  
  146  15:04  SCV x2  
  146  15:05  SCV  
  149  15:16  SCV  
  149  15:17  SCV x2  
  116  15:38  Thor x3  
  116  15:39  Thor  
  134  15:54  Terran Vehicle Weapons Level 3  
  116  16:21  Thor x3  
  116  16:22  Thor  
  140  16:31  Orbital Command  
  140  16:36  Refinery  
  140  16:37  Refinery  
  140  16:45  Refinery  
  140  16:50  Refinery  
  118  17:04  Thor x2  
  104  18:18  Thor x2  
  104  18:19  Thor  
  122  18:44  Terran Vehicle And Ship Armor Level 2  
  122  19:19  Orbital Command  
  122  19:45  Orbital Command  
  122  19:56  Refinery  
  122  20:00  Refinery, Thor x2  
Tags
 
Add a new tag
Caveats
  • Supply blocks, unpowered buildings, or Contaminate may cause inaccurate times.
  • Supply counts are checked every 10 seconds.